 Dungeon Crawl Stone Soup version 0.31-a0-152-g6aa68a64a1 (webtiles) character file.

Game seed: 11258620903863838625

8737 qw the Cleaver (level 11, -6/69 HPs)
             Began as a Gargoyle Fighter on June 10, 2023.
             Was an Elder of Okawaru.
             Killed from afar by a rakshasa (11 damage)
             ... with a lance of force
             ... on level 10 of the Dungeon.
             The game lasted 00:03:57 (8357 turns).

qw the Cleaver (Gargoyle Fighter)                   Turns: 8357, Time: 00:03:57

Health: -6/69      AC: 34    Str: 25    XL:     11   Next: 35%
Magic:  15/15      EV:  9    Int:  6    God:    Okawaru [****..]
Gold:   270        SH:  6    Dex: 11    Spells: 10/10 levels left

rFire   . . .        Y - +4 broad axe (heavy)
rCold   x . .        c - +0 buckler
rNeg    + . .        r - +0 plate armour
rPois   inf          (helmet restricted)
rElec   +            a - +3 cloak of Ubeyr {Fly rC- rCorr Slay-3}
rCorr   +            n - +2 pair of gloves "Pyosmaeh" {Will+ Dex+2}
SInv    .            q - +1 pair of boots
Will    +....        (no amulet) Stlth
                     (no ring)
HPRegen 0.31/turn    (no ring)
MPRegen 0.14/turn

%: no passive effects
@: heroic, flying
A: sickness immunity, AC +8, negative energy resistance 1, electricity
resistance, torment resistance 1, petrification resistance, horns 1, dopey 1,
low MP 1
a: Renounce Religion, Heroism, Finesse


You were on level 10 of the Dungeon.
You worshipped Okawaru.
Okawaru was greatly pleased with you.
You visited 2 branches of the dungeon, and saw 11 of its levels.

You collected 489 gold pieces.
You spent 219 gold pieces at shops.


Innate Abilities, Weirdness & Mutations

You are immune to sickness and miasma.
Your stone body is resilient. (AC +8)
You are immune to poison.
You resist negative energy. (rN+)
You are resistant to electric shocks. (rElec)
You are resistant to unholy torment.
You are immune to petrification.
You have a pair of small horns on your head.
You are dopey. (Int -2)
Your magical capacity is low. (-10% MP)


   Skills:
 - Level 8.7(13.7) Fighting
 + Level 10.9(15.9) Axes
 - Level 1.1(6.1) Throwing
 - Level 7.6(12.6) Armour
 - Level 2.0(7.0) Dodging
 - Level 5.2(10.2) Shields
 + Level 7.6 Invocations


You had 10 spell levels left.
You didn't know any spells.
Your spell library was empty.

Inventory:

Hand Weapons
 s - a +1 flail of protection
 Y - a +4 heavy broad axe (weapon)
Missiles
 g - 9 boomerangs (quivered)
Armour
 a - the +3 cloak of Ubeyr (worn) {Fly rC- rCorr Slay-3}
   (You found it on level 3 of the Dungeon)

   Slay:      It affects your accuracy & damage with ranged weapons and melee
   (-3).
   rC:        It makes you vulnerable to cold.
   Fly:       It grants you flight.
   rCorr:     It protects you from acid and corrosion.
 c - a +0 buckler (worn)
 k - a scarf of resistance
 n - the +2 pair of gloves "Pyosmaeh" (worn) {Will+ Dex+2}
   (You acquired it on level 2 of the Dungeon)

   Dex:       It affects your dexterity (+2).
   Will:      It increases your willpower.
 q - a +1 pair of boots (worn)
 r - a +0 plate armour (worn)
 u - a +0 plate armour of fire resistance
Jewellery
 j - a ring of resist corrosion
Wands
 o - a wand of digging (7)
Scrolls
 f - a scroll of identify
Potions
 b - a potion of resistance
 d - a potion of might
 e - 2 potions of curing
 h - a potion of haste
 i - 2 potions of magic
 l - a potion of degeneration {unknown}
 m - a potion of attraction {unknown}
 p - a potion of mutation
 t - 2 potions of lignification {unknown}

Dungeon Overview and Level Annotations

Branches:
Dungeon (10/15)            Temple (1/1) D:4             Orc (0/2) D:9
   Lair: D:8-11

Altars:
Ashenzari
Cheibriados
Dithmenos
Elyvilon
Fedhas
Gozag
Hepliaklqana
Kikubaaqudgha
Makhleb
Nemelex Xobeh
Okawaru
Qazlal
Ru
Sif Muna
Trog
Uskayaw
Vehumet
Wu Jian
Xom
Yredelemnul
Zin
The Shining One

Shops:
D:2 (=*   D:6 [(=[


Message History

Enter note:
Enter note:
Enter note:
Enter note:
Enter note:
Enter note:
Enter note:
8349 ||| FLEEEEING.
The rakshasa blinks!
The rakshasa hits you but does no damage.
The rakshasa gestures at you. The lance of force hits you!!
You are knocked back by the lance of force.
The rakshasa blinks!
You closely miss the rakshasa. You headbutt the rakshasa.
The rakshasa is lightly wounded.
The rakshasa hits you but does no damage.
You slice the rakshasa like a ripe choko!!!
Your headbutt misses the rakshasa.
The rakshasa is almost dead.
The rakshasa barely misses you.
You hit the rakshasa. Your headbutt misses the rakshasa.
The rakshasa is almost dead.
The injured rakshasa weaves a defensive illusion!
The rakshasa barely misses you.
The rakshasa hits you from afar with a +0 trident.
You closely miss the rakshasa.
The rakshasa is almost dead.
You barely miss the rakshasa.
The rakshasa hits you but does no damage.
The rakshasa closely misses you.
The rakshasa blinks!
The rakshasa hits you but does no damage.
You block the rakshasa's attack.
You barely miss the rakshasa. Your headbutt misses the rakshasa.
The rakshasa is almost dead.
You hit the rakshasa but do no damage. The rakshasa barely misses you.
The rakshasa gestures at you. The lance of force hits you!
You die...

##..# ##.### ##..........
##... #..# #.# #...>.....#
#... #..# #.# ##.........
#... ##.## #.# ##'#######
#.... #..###.## ##.## ###
#.... ##.......### #)).# .[
##... ##..........#####.####
.# #...
.......#...###.##R##.##.##.#
....####..## #..@R¤...R....#
....# #..## #.##.##.##.##)#
...####..# #.##.#### .#
...###...# ###..[# ..
........## ##### .##
.###.....# .# .# ##.....# ..
.# #.......# .# .#
#....#.(..


You could see 3 rakshasas.

Vanquished Creatures
  3 two-headed ogres
  A deep elf pyromancer (D:10)
  Pikel (D:9)
  An ugly thing (D:10)
  A cyclops (D:9)
  2 trolls (D:9)
  2 hornets
  A shadow (D:9)
  2 wyverns
  A steam dragon (D:8)
  A basilisk (D:10)
  2 vampire mosquitoes (D:10)
  A water moccasin (D:7)
  2 sky beasts
  4 orc warriors
  An ice beast (D:6)
  A black bear (D:6)
  5 ogres
  4 centaurs
  3 phantoms
  2 lemures (D:9)
  5 bullfrogs
  A gnoll sergeant (D:6)
  4 scorpions
  A troll zombie (D:9)
  A howler monkey (D:7)
  2 gnoll boudas
  2 jellies
  4 hounds
  6 orc priests
  4 iguanas
  Ijyb (D:5)
  7 orc wizards
  5 ogre zombies (D:9)
  14 gnolls
  2 adders
  A shadow imp (D:6)
  A white imp (D:7)
  3 ufetubi
  2 worms
  25 orcs
  5 ball pythons
  5 endoplasms
  4 giant cockroaches
  18 goblins
  7 hobgoblins
  2 jackals (D:1)
  8 kobolds
  A quokka (D:3)
  4 bats
  3 frilled lizards
  A goblin zombie (D:9)
  2 hobgoblin skeletons (D:9)
  3 hobgoblin zombies (D:9)
  2 orc skeletons (D:9)
  11 orc zombies (D:9)
  5 rats
213 creatures vanquished.

Notes
Turn   | Place    | Note
-------+----------+-------------------------------------------
     0 | D:1      | qw the Gargoyle Fighter began the quest for the Orb.
     0 | D:1      | Reached XP level 1. HP: 14/14 MP: 1/1
     0 | D:1      | 0 ||| qw: Version: 0.2-a-29-gd901d54
     0 | D:1      | 0 ||| qw: Game counter: 3988
     0 | D:1      | 0 ||| qw: Always use a shield: true
     0 | D:1      | 0 ||| qw: God list: Okawaru
     0 | D:1      | 0 ||| qw: Allow faded altars: false
     0 | D:1      | 0 ||| qw: Do Orc after D:15 true
     0 | D:1      | 0 ||| qw: Do second Lair branch before Depths: true
     0 | D:1      | 0 ||| qw: Lair rune preference: random
     0 | D:1      | 0 ||| qw: Plans: Normal, Zot:1-4, Slime:5, God:TSO, Crypt,
                  | Tomb, Abyss, Pan, Hells, Win
     0 | D:1      | 0 ||| PLANNING D:1-11
    76 | D:1      | Reached skill level 2 in Axes
   142 | D:1      | Reached XP level 2. HP: 12/19 MP: 2/2
   266 | D:1      | Reached skill level 3 in Axes
   321 | D:1      | Reached XP level 3. HP: 23/23 MP: 3/3
   532 | D:1      | 532 ||| Stepping ~*~*~tactically~*~*~ (hiding).
   534 | D:1      | 534 ||| Stepping ~*~*~tactically~*~*~ (hiding).
   535 | D:1      | 535 ||| Stepping ~*~*~tactically~*~*~ (hiding).
   776 | D:1      | 776 ||| UPGRADING to +0 chain mail.
   786 | D:1      | 786 ||| DROPPING +0 scale mail.
   787 | D:1      | 787 ||| UPGRADING to ring of resist corrosion.
   788 | D:1      | 788 ||| READING scroll labelled LOKKUO WUMMA.
   789 | D:1      | 789 ||| READING scroll labelled ETIOH YFUMI.
   790 | D:1      | 790 ||| READING scroll labelled ZAZIOPS UM OTU.
   791 | D:1      | 791 ||| DRINKING 2 ruby potions.
   792 | D:1      | 792 ||| DROPPING potion of enlightenment.
   856 | D:2      | 856 ||| Stepping ~*~*~tactically~*~*~ (stealth).
   904 | D:2      | 904 ||| Stepping ~*~*~tactically~*~*~ (stealth).
  1028 | D:2      | Found Bifanlyxu's Jewellery Shoppe.
  1103 | D:2      | 1103 ||| SHOPLISTING +6 ring of strength (468 gold, have
                  | 110).
  1103 | D:2      | 1103 ||| SHOPLISTING amulet of faith (520 gold, have 110).
  1103 | D:2      | 1103 ||| SHOPLISTING ring of ice (325 gold, have 110).
  1103 | D:2      | 1103 ||| SHOPLISTING ring of positive energy (260 gold,
                  | have 110).
  1103 | D:2      | 1103 ||| SHOPLISTING ring of protection from cold (325
                  | gold, have 110).
  1103 | D:2      | 1103 ||| SHOPLISTING ring of see invisible (195 gold, have
                  | 110).
  1103 | D:2      | 1103 ||| SHOPLISTING ring of willpower (325 gold, have
                  | 110).
  1110 | D:2      | Found Vento Xirole's General Store.
  1118 | D:2      | 1118 ||| SHOPLISTING +5 ring of evasion (396 gold, have
                  | 110).
  1118 | D:2      | 1118 ||| SHOPLISTING ring of resist corrosion (220 gold,
                  | have 110).
  1118 | D:2      | 1118 ||| BUYING scroll of identify (22 gold).
  1118 | D:2      | Bought a scroll of identify for 22 gold pieces
  1415 | D:2      | Found Evele's Antique Weapon Shoppe.
  1423 | D:2      | 1423 ||| BUYING flail (80 gold).
  1423 | D:2      | Bought a flail for 80 gold pieces
  1423 | D:2      | 1423 ||| SHOPLISTING runed war axe (149 gold, have 11).
  1423 | D:2      | 1423 ||| SHOPLISTING twisted broad axe (207 gold, have 11).
  1423 | D:2      | 1423 ||| DROPPING +0 mace.
  1550 | D:2      | 1550 ||| READING 3 scrolls labelled WUMIGYPSEV.
  1550 | D:2      | Identified 3 scrolls of acquirement
  1550 | D:2      | 1550 ||| ACQUIRING +0 heavy war axe
  1550 | D:2      | Acquired a +0 heavy war axe
  1552 | D:2      | 1552 ||| SWAPPING to +0 heavy war axe.
  1553 | D:2      | 1553 ||| DROPPING +0 war axe.
  1554 | D:2      | 1554 ||| READING 2 scrolls of acquirement.
  1554 | D:2      | 1554 ||| ACQUIRING +2 pair of gloves "Pyosmaeh" {Will+
                  | Dex+2}
  1554 | D:2      | Acquired the +2 pair of gloves "Pyosmaeh" {Will+ Dex+2}
  1555 | D:2      | 1555 ||| READING scroll of acquirement.
  1555 | D:2      | 1555 ||| ACQUIRING +3 heavy broad axe
  1555 | D:2      | Acquired a +3 heavy broad axe
  1557 | D:2      | 1557 ||| SWAPPING to +3 heavy broad axe.
  1558 | D:2      | 1558 ||| DROPPING +0 heavy war axe.
  1559 | D:2      | 1559 ||| UPGRADING to +2 pair of gloves "Pyosmaeh" {Will+
                  | Dex+2}.
  1564 | D:2      | 1564 ||| READING scroll labelled IKEIF LOIPRUDAT.
  1567 | D:2      | 1567 ||| DRINKING 2 fuming pink potions.
  1568 | D:2      | 1568 ||| DROPPING potion of brilliance.
  1664 | D:3      | Reached XP level 4. HP: 21/28 MP: 4/4
  1674 | D:3      | 1674 ||| FLEEEEING.
  1676 | D:3      | 1676 ||| FLEEEEING.
  1677 | D:3      | 1677 ||| FLEEEEING.
  1678 | D:3      | 1678 ||| FLEEEEING.
  1679 | D:3      | 1679 ||| FLEEEEING.
  1680 | D:3      | 1680 ||| FLEEEEING.
  1681 | D:3      | 1681 ||| FLEEEEING.
  1682 | D:3      | 1682 ||| FLEEEEING.
  1683 | D:3      | 1683 ||| FLEEEEING.
  1757 | D:3      | 1757 ||| Stepping ~*~*~tactically~*~*~ (stealth).
  1889 | D:3      | Noticed a scorpion
  1890 | D:3      | 1890 ||| Stepping ~*~*~tactically~*~*~ (stealth).
  1891 | D:3      | 1891 ||| Stepping ~*~*~tactically~*~*~ (stealth).
  1892 | D:3      | 1892 ||| Stepping ~*~*~tactically~*~*~ (stealth).
  1895 | D:3      | Killed a scorpion
  1896 | D:3      | Reached skill level 4 in Axes
  1896 | D:3      | Reached XP level 5. HP: 26/32 MP: 5/5
  1944 | D:3      | Identified the +3 cloak of Ubeyr {Fly rC- rCorr Slay-3}
  1987 | D:3      | Found a faded altar of an unknown god.
  2213 | D:3      | Reached skill level 5 in Axes
  2213 | D:3      | 2213 ||| FLEEEEING.
  2600 | D:3      | Noticed an ogre
  2602 | D:3      | HP: 7/32 [ogre/+0 giant spiked club (12)]
  2603 | D:3      | Killed an ogre
  2604 | D:3      | Reached XP level 6. HP: 8/37 MP: 6/6
  2788 | D:3      | 2788 ||| UPGRADING to +3 cloak of Ubeyr {Fly rC- rCorr
                  | Slay-3}.
  2793 | D:3      | 2793 ||| REMOVING ring of resist corrosion.
  2794 | D:3      | 2794 ||| DRINKING 2 purple potions.
  2795 | D:3      | 2795 ||| READING 2 scrolls of identify.
  2795 | D:3      | 2795 ||| IDENTIFYING silvery potion
  3015 | D:4      | 3015 ||| Stepping ~*~*~tactically~*~*~ (hiding).
  3126 | D:4      | Found a staircase to the Ecumenical Temple.
  3127 | D:4      | 3127 ||| PLANNING TEMPLE
  3127 | D:4      | 3127 ||| READING 2 scrolls labelled VIAZ KINELU.
  3128 | D:4      | 3128 ||| DROPPING scroll of immolation.
  3134 | Temple   | Entered the Ecumenical Temple
  3175 | Temple   | 3175 ||| PLANNING OKAWARU WORSHIP
  3402 | Temple   | Became a worshipper of Warmaster Okawaru
  3402 | Temple   | 3402 ||| PLANNING D:1-11
  3618 | D:4      | Found an ancient bone altar of Kikubaaqudgha.
  3818 | D:4      | 3818 ||| READING scroll labelled NEMICOE RIFAE.
  3838 | D:5      | Entered Level 5 of the Dungeon
  3893 | D:5      | Identified the +3 leather armour of Slovenliness {rPois
                  | Int+2}
  3903 | D:5      | Found a broken altar of Ashenzari.
  3924 | D:5      | 3924 ||| Stepping ~*~*~tactically~*~*~ (hiding).
  3927 | D:5      | 3927 ||| Stepping ~*~*~tactically~*~*~ (hiding).
  3928 | D:5      | 3928 ||| Stepping ~*~*~tactically~*~*~ (hiding).
  3929 | D:5      | 3929 ||| Stepping ~*~*~tactically~*~*~ (hiding).
  3936 | D:5      | Reached XP level 7. HP: 21/43 MP: 7/7
  3941 | D:5      | Reached skill level 6 in Axes
  4321 | D:5      | Reached * piety under Okawaru
  4322 | D:5      | Reached skill level 7 in Axes
  4364 | D:5      | 4364 ||| Stepping ~*~*~tactically~*~*~ (hiding).
  4365 | D:5      | 4365 ||| Stepping ~*~*~tactically~*~*~ (hiding).
  4410 | D:5      | Noticed Ijyb
  4411 | D:5      | 4411 ||| Stepping ~*~*~tactically~*~*~ (hiding).
  4412 | D:5      | 4412 ||| Stepping ~*~*~tactically~*~*~ (hiding).
  4413 | D:5      | 4413 ||| INVOKING Heroism.
  4416 | D:5      | Killed Ijyb
  4665 | D:5      | 4665 ||| READING scroll labelled IVEUW ZOAD.
  4666 | D:5      | 4666 ||| READING scroll labelled ABREWA EMUO.
  4767 | D:5      | 4767 ||| READING scroll labelled ZEAFIR RAVA.
  4768 | D:5      | 4768 ||| READING 2 scrolls of identify.
  4768 | D:5      | 4768 ||| IDENTIFYING sapphire potion
  4776 | D:6      | 4776 ||| INVOKING Heroism.
  4784 | D:6      | Reached skill level 1 in Throwing
  4784 | D:6      | Reached skill level 1 in Invocations
  4784 | D:6      | Reached XP level 8. HP: 49/49 MP: 6/9
  4829 | D:6      | 4829 ||| INVOKING Heroism.
  4831 | D:6      | HP: 11/49 [gnoll/+0 halberd[a gnoll sergeant] (4)]
  4832 | D:6      | 4832 ||| DRINKING potion of heal wounds.
  4838 | D:6      | Reached skill level 3 in Invocations
  4856 | D:6      | 4856 ||| INVOKING Heroism.
  4925 | D:6      | 4925 ||| DROPPING +0 flail.
  4935 | D:6      | Found an ornate altar of the Wu Jian Council.
  4946 | D:6      | Found Danu's Antique Armour Shop.
  4964 | D:6      | 4964 ||| BUYING helmet (117 gold).
  4964 | D:6      | Bought a helmet for 117 gold pieces
  4964 | D:6      | 4964 ||| SHOPLISTING kite shield (117 gold, have 54).
  4964 | D:6      | 4964 ||| SHOPLISTING shiny chain mail (195 gold, have 54).
  4981 | D:6      | 4981 ||| INVOKING Heroism.
  5021 | D:6      | Found Laemun's Jewellery Shoppe.
  5030 | D:6      | 5030 ||| SHOPLISTING amulet of faith (480 gold, have 54).
  5030 | D:6      | 5030 ||| SHOPLISTING ring of fire (300 gold, have 54).
  5030 | D:6      | 5030 ||| SHOPLISTING ring of resist corrosion (240 gold,
                  | have 54).
  5030 | D:6      | 5030 ||| SHOPLISTING ring of see invisible (180 gold, have
                  | 54).
  5030 | D:6      | 5030 ||| SHOPLISTING ring of willpower (300 gold, have 54).
  5083 | D:6      | Found an opulent altar of Gozag.
  5083 | D:6      | Found a bloodstained altar of Trog.
  5083 | D:6      | Found a basalt altar of Yredelemnul.
  5114 | D:6      | 5114 ||| Stepping ~*~*~tactically~*~*~ (stealth).
  5125 | D:6      | 5125 ||| INVOKING Heroism.
  5168 | D:6      | Found Fuoxtuac's Antique Armour Boutique.
  5172 | D:6      | 5172 ||| SHOPLISTING pair of embroidered gloves (187 gold,
                  | have 69).
  5172 | D:6      | 5172 ||| SHOPLISTING plate armour (575 gold, have 69).
  5172 | D:6      | 5172 ||| SHOPLISTING steaming quicksilver dragon scales
                  | (1625 gold, have 69).
  5192 | D:6      | 5192 ||| Stepping ~*~*~tactically~*~*~ (hiding).
  5193 | D:6      | 5193 ||| Stepping ~*~*~tactically~*~*~ (hiding).
  5202 | D:6      | Reached skill level 8 in Axes
  5236 | D:6      | 5236 ||| INVOKING Heroism.
  5252 | D:6      | Found a burning altar of Makhleb.
  5450 | D:6      | Found Heamet's Weapon Shop.
  5562 | D:6      | 5562 ||| UPGRADING to +0 helmet.
  5567 | D:6      | 5567 ||| UPGRADING to +0 pair of boots.
  5572 | D:6      | 5572 ||| READING scroll of enchant armour.
  5572 | D:6      | 5572 ||| ENCHANTING +0 helmet.
  5573 | D:6      | 5573 ||| READING scroll labelled LARRIA NOALEPS.
  5600 | D:7      | Noticed a wyvern
  5604 | D:7      | 5604 ||| STAIRDANCE
  5607 | D:6      | Killed a wyvern
  5608 | D:6      | Reached skill level 6 in Fighting
  5608 | D:6      | Reached XP level 9. HP: 49/56 MP: 12/12
  5661 | D:7      | Reached ** piety under Okawaru
  5711 | D:7      | 5711 ||| DROPPING +0 heavy flail.
  5718 | D:7      | 5718 ||| Stepping ~*~*~tactically~*~*~ (hiding).
  5826 | D:7      | 5826 ||| INVOKING Heroism.
  6084 | D:7      | 6084 ||| UPGRADING to +0 plate armour.
  6094 | D:7      | 6094 ||| DROPPING +0 chain mail.
  6095 | D:7      | 6095 ||| DRINKING 2 orange potions.
  6116 | D:8      | 6116 ||| INVOKING Heroism.
  6140 | D:8      | 6140 ||| Stepping ~*~*~tactically~*~*~ (hiding).
  6142 | D:8      | 6142 ||| Stepping ~*~*~tactically~*~*~ (hiding).
  6270 | D:8      | 6270 ||| Stepping ~*~*~tactically~*~*~ (stealth).
  6271 | D:8      | 6271 ||| Stepping ~*~*~tactically~*~*~ (stealth).
  6272 | D:8      | 6272 ||| Stepping ~*~*~tactically~*~*~ (stealth).
  6275 | D:8      | 6275 ||| Stepping ~*~*~tactically~*~*~ (stealth).
  6276 | D:8      | 6276 ||| Stepping ~*~*~tactically~*~*~ (stealth).
  6319 | D:8      | 6319 ||| Stepping ~*~*~tactically~*~*~ (hiding).
  6321 | D:8      | 6321 ||| Stepping ~*~*~tactically~*~*~ (hiding).
  6324 | D:8      | 6324 ||| INVOKING Heroism.
  6328 | D:8      | Reached skill level 6 in Armour
  6424 | D:8      | 6424 ||| INVOKING Heroism.
  6474 | D:8      | 6474 ||| Stepping ~*~*~tactically~*~*~ (stealth).
  6476 | D:8      | 6476 ||| Stepping ~*~*~tactically~*~*~ (stealth).
  6477 | D:8      | 6477 ||| INVOKING Heroism.
  6483 | D:8      | Reached skill level 9 in Axes
  6541 | D:8      | 6541 ||| Stepping ~*~*~tactically~*~*~ (stealth).
  6543 | D:8      | 6543 ||| Stepping ~*~*~tactically~*~*~ (hiding).
  6551 | D:8      | 6551 ||| Stepping ~*~*~tactically~*~*~ (stealth).
  6552 | D:8      | 6552 ||| Stepping ~*~*~tactically~*~*~ (stealth).
  6771 | D:8      | Noticed a hornet
  6771 | D:8      | Noticed a two-headed ogre
  6772 | D:8      | 6772 ||| INVOKING Heroism.
  6779 | D:8      | Killed a two-headed ogre
  6779 | D:8      | Reached *** piety under Okawaru
  6780 | D:8      | Reached XP level 10. HP: 65/65 MP: 11/13
  6820 | D:8      | Found a sacrificial altar of Ru.
  6956 | D:9      | 6956 ||| INVOKING Heroism.
  6982 | D:9      | 6982 ||| INVOKING Heroism.
  7152 | D:9      | 7152 ||| Stepping ~*~*~tactically~*~*~ (stealth).
  7171 | D:9      | Found a staircase to the Orcish Mines.
  7255 | D:9      | 7255 ||| Stepping ~*~*~tactically~*~*~ (stealth).
  7256 | D:9      | 7256 ||| Stepping ~*~*~tactically~*~*~ (stealth).
  7264 | D:9      | Noticed Pikel
  7273 | D:9      | Killed Pikel
  7273 | D:9      | Reached **** piety under Okawaru
  7274 | D:9      | Reached skill level 10 in Axes
  7326 | D:9      | Noticed a two-headed ogre
  7327 | D:9      | 7327 ||| INVOKING Heroism.
  7328 | D:9      | Noticed a cyclops
  7334 | D:9      | Killed a two-headed ogre
  7335 | D:9      | HP: 13/65 [cyclops/large rock (4)]
  7336 | D:9      | 7336 ||| READING scroll of teleportation.
  7337 | D:9      | 7337 ||| DRINKING potion of heal wounds.
  7352 | D:9      | 7352 ||| FLEEEEING.
  7354 | D:9      | 7354 ||| FLEEEEING.
  7362 | D:9      | 7362 ||| STAIRDANCE
  7406 | D:8      | 7406 ||| DRINKING 2 bubbling white potions.
  7407 | D:8      | 7407 ||| DRINKING 2 lumpy pink potions.
  7407 | D:8      | Gained mutation: Your magical capacity is low. (-10% MP)
                  | [potion of mutation]
  7407 | D:8      | Gained mutation: You are dopey. (Int -2) [potion of
                  | mutation]
  7407 | D:8      | Gained mutation: You have a pair of small horns on your
                  | head. [potion of mutation]
  7408 | D:8      | 7408 ||| DROPPING +1 helmet.
  7434 | D:9      | 7434 ||| Stepping ~*~*~tactically~*~*~ (hiding).
  7435 | D:9      | 7435 ||| INVOKING Heroism.
  7436 | D:9      | 7436 ||| Stepping ~*~*~tactically~*~*~ (hiding).
  7500 | D:9      | 7500 ||| INVOKING Heroism.
  7503 | D:9      | 7503 ||| Stepping ~*~*~tactically~*~*~ (hiding).
  7509 | D:9      | Killed a cyclops
  7808 | D:10     | Entered Level 10 of the Dungeon
  7818 | D:10     | Reached skill level 6 in Invocations
  7818 | D:10     | Reached XP level 11. HP: 69/69 MP: 14/14
  7837 | D:10     | 7837 ||| READING scroll of enchant armour.
  7837 | D:10     | 7837 ||| ENCHANTING +0 pair of boots.
  8130 | D:10     | 8130 ||| INVOKING Heroism.
  8140 | D:10     | Noticed a two-headed ogre
  8147 | D:10     | Killed a two-headed ogre
  8328 | D:10     | Noticed a brown ugly thing
  8329 | D:10     | 8329 ||| Stepping ~*~*~tactically~*~*~ (stealth).
  8330 | D:10     | Noticed a deep elf pyromancer
  8336 | D:10     | 8336 ||| INVOKING Heroism.
  8337 | D:10     | Killed a brown ugly thing
  8342 | D:10     | Killed a deep elf pyromancer
  8342 | D:10     | Noticed a rakshasa
  8349 | D:10     | 8349 ||| FLEEEEING.
  8351 | D:10     | HP: 6/69 [rakshasa/lance of force (19)]
  8357 | D:10     | Killed from afar by a rakshasa

Levels and vault maps discovered:
D:1:      psy_arrival_heroes, layout_rooms, serial_forest,
          infiniplex_forest_clump_double, infiniplex_forest_clump_cross,
          infiniplex_forest_clump_double, infiniplex_forest_clump_long,
          infiniplex_forest_straight_4, infiniplex_forest_lined_corner,
          infiniplex_forest_lined_room_, infiniplex_forest_straight_4
D:2:      layout_basic, serial_shops, shop, shop, shop
D:3:      layout_basic, dreamdust_ecumenical_altar_grove, minmay_goblin_outpost
D:4:      layout_loops_ring, nicolae_kikubaaqudgha_miasma_corner,
          minmay_temple_entry_hall, minivault_19
D:5:      layout_loops_cross, overflow_temple_1_default, uniq_ijyb
D:6:      corexii_shack_village, layout_cave_pools, nzn_wu_jian_council_hall,
          gammafunk_temple_overflow_forgotten, mainiacjoe_overflow_brackets,
          serial_shops, shop, nicolae_shop_real_fake_doors,
          nicolae_shop_back_alley_shop, nicolae_shop_gibbet_a_chance
D:7:      layout_rooms
D:8:      layout_rooms, nicolae_ru_awakened_eye
D:9:      layout_cave_pools, zombieorc1_lemuel, uniq_pikel
D:10:     hangedman_cross_veins, layout_layer_cave, lair_entry_dummy
Temple:   minmay_temple_curvy_branch

Skill      XL: |  1  2  3  4  5  6  7  8  9 10 11 |
---------------+----------------------------------+-----
Axes           | 2 3 4 5 7 8 9 10 | 10.9
Dodging        | 2 |  2.0
Fighting       | 4 5 6 8 |  8.7
Throwing       | 1 |  1.1
Invocations    | 1 4 6 7 |  7.6
Armour         | 4 6 7 |  7.6
Shields        | 4 5 |  5.2

Action                     |  1- 3 |  4- 6 |  7- 9 | 10-12 || total
---------------------------+-------+-------+-------+-------++-------
  Melee: War axe           |    84 |       |       |       ||    84
         Broad axe         |     7 |    96 |   190 |   130 ||   423
         Headbutt          |       |       |       |     9 ||     9
  Throw: Boomerang         |       |     7 |       |       ||     7
 Invoke: Heroism           |       |       |    13 |     7 ||    20
    Use: Scroll            |     7 |     3 |     6 |     2 ||    18
         Potion            |     2 |     1 |     2 |     3 ||     8
 Armour: Scale mail        |    18 |       |       |       ||    18
         Chain mail        |    21 |    91 |    97 |       ||   209
         Plate armour      |       |       |    73 |   109 ||   182
  Dodge: Dodged            |    25 |    51 |   101 |    48 ||   225
  Block: Buckler           |    16 |    24 |    65 |    30 ||   135

Table legend:
 A = Non-vault XP
 B = Vault XP
 C = Vault XP percentage of total XP
 D = Non-vault monster count
 E = Vault monster count
 F = Vault count percentage of total count
                 A         B        C        D         E       F
            +---------+---------+-------+---------+---------+-------
      Total |    8200 |    4282 |  34.3 |     151 |      60 |  28.4
            +---------+---------+-------+---------+---------+-------
        D:1 |      44 |       0 |   0.0 |      18 |       0 |   0.0
        D:2 |      31 |       0 |   0.0 |      10 |       0 |   0.0
        D:3 |     252 |      14 |   5.3 |      17 |       7 |  29.2
        D:4 |     158 |       0 |   0.0 |      13 |       0 |   0.0
        D:5 |     660 |      36 |   5.2 |      15 |       1 |   6.2
        D:6 |    1303 |      27 |   2.0 |      24 |      14 |  36.8
        D:7 |     571 |       0 |   0.0 |       9 |       0 |   0.0
        D:8 |    2231 |       0 |   0.0 |      31 |       0 |   0.0
        D:9 |    2578 |    1303 |  33.6 |      12 |      30 |  71.4
       D:10 |     372 |    2902 |  88.6 |       2 |       8 |  80.0
            +---------+---------+-------+---------+---------+-------
